 Dungeon Crawl Stone Soup version 0.26-a0-964-g69f9a3b9e2 (webtiles) character file.

Game seed: 12103201597620490895

905502 strifetoe the Thanatomancer (level 27, -7/243 HPs)
             Began as a Deep Dwarf Monk on Dec 1, 2020.
             Was the Champion of Makhleb.
             Killed from afar by a Hell Sentinel (29 damage)
             ... with damnation
             ... on level 7 of the Iron City of Dis on Dec 3, 2020.
             The game lasted 02:53:26 (61689 turns).

strifetoe the Thanatomancer (Deep Dwarf Monk)      Turns: 61689, Time: 02:53:26

Health: -7/243     AC: 43    Str: 29      XL:     27
Magic:  15/15      EV: 30    Int: 22      God:    Makhleb [******]
Gold:   7132       SH: 33    Dex: 19 (20) Spells: 9/51 levels left

rFire    . . .     SeeInvis +   U - +7 broad axe (vorpal)
rCold    + + +     Faith    .   c - +6 tower shield "Anoole" {*Corrode rElec MR+ Dex+8}
rNeg     + . .     Spirit   .   b - quicksilver dragon scales of Zutaumirph {rC++ MR+}
rPois    +         Reflect  +   G - +2 helmet {SInv}
rElec    +         Harm     .   X - +5 cloak of Incorporation {rPois rC+ MR+ Int-3}
rCorr    .         Rampage  .   K - +1 pair of gloves of Nojuvusoq {Str+3}
MR       +++++                  L - +2 pair of boots {run}
Stlth    ++........             v - amulet "Wykaja" {Reflect rPois MR+ Int+8 Dex-3 SH+5}
HPRegen  0.00/turn              w - ring "Ujocriz" {EV+4 Str+4 Slay+2}
MPRegen  0.14/turn              l - ring of Robustness {AC+8}

@: non-regenerating, quick
A: damage resistance, heal wounds, talons 1, deterioration 1, low mp 1, mutation
resistance 2, negative energy resistance 1, sense surroundings 3, subdued magic
3, no regeneration
}: 7/15 runes: decaying, serpentine, slimy, silver, obsidian, icy, abyssal
a: Heal Wounds, Minor Destruction, Lesser Servant of Makhleb, Major Destruction,
Greater Servant of Makhleb, Renounce Religion


You were on level 7 of the Iron City of Dis.
You worshipped Makhleb.
Makhleb was exalted by your worship.
You visited 14 branches of the dungeon, and saw 74 of its levels.
You visited the Abyss 1 time.
You visited 1 bazaar.
You also visited: Sewer, Bailey and Gauntlet.

You collected 10940 gold pieces.
You spent 3808 gold pieces at shops.

Inventory:

Hand Weapons
 a - the +2 broad axe of Insufficient Pleasure {venom, Str+4}
   (You acquired it on level 10 of the Dungeon)

   It poisons the flesh of those it strikes.
   It affects your strength (+4).
 h - the +7 sceptre of Asmodeus
   (You took it off Asmodeus on level 7 of Gehenna)
 u - a +5 sacred scourge of holy wrath
 T - a +9 broad axe of freezing
 U - a +7 vorpal broad axe (weapon)
Missiles
 H - 44 silver javelins
Armour
 b - the quicksilver dragon scales of Zutaumirph (worn) {rC++ MR+}
   (You found it on level 5 of the Pits of Slime)

   It greatly protects you from cold.
   It affects your resistance to hostile enchantments.
 c - the +6 tower shield "Anoole" (worn) {*Corrode rElec MR+ Dex+8}
   (You bought it in a shop on level 1 of the Snake Pit)

   It affects your dexterity (+8).
   It insulates you from electricity.
   It affects your resistance to hostile enchantments.
   It may corrode you when you take damage.
 r - a scarf of resistance
 G - a +2 helmet of see invisible (worn)
 K - the +1 pair of gloves of Nojuvusoq (worn) {Str+3}
   (You found it on level 10 of the Dungeon)

   It affects your strength (+3).
 L - a +2 pair of boots of running (worn)
 M - a +10 crystal plate armour
 V - +5 fire dragon scales {Xtahua}
 X - the +5 cloak of Incorporation (worn) {rPois rC+ MR+ Int-3}
   (You found it on level 1 of the Realm of Zot)

   It affects your intelligence (-3).
   It protects you from cold.
   It protects you from poison.
   It affects your resistance to hostile enchantments.
Jewellery
 l - the ring of Robustness (right hand) {AC+8}
   (You found it on level 5 of the Pits of Slime)

   [ring of protection]

   It affects your AC (+8).
 m - the ring "Puole" {+Fly rN+ MR++ Dex-3 SInv}
   (You bought it in a shop on level 2 of the Orcish Mines)

   [ring of positive energy]

   It affects your dexterity (-3).
   It protects you from negative energy.
   It affects your resistance to hostile enchantments.
   It lets you see invisible.
   It lets you fly.
 q - the ring "Yqusis" {+Inv rElec Int+6}
   (You found it on level 3 of the Elven Halls)

   [ring of intelligence]

   It affects your intelligence (+6).
   It insulates you from electricity.
   It lets you turn invisible.
 v - the amulet "Wykaja" (around neck) {Reflect rPois MR+ Int+8 Dex-3 SH+5}
   (You found it on level 5 of the Pits of Slime)

   [amulet of reflection]

   It shields you and reflects attacks.
   It affects your intelligence (+8).
   It affects your dexterity (-3).
   It protects you from poison.
   It affects your resistance to hostile enchantments.
   It affects your SH (+5).
 w - the ring "Ujocriz" (left hand) {EV+4 Str+4 Slay+2}
   (You acquired it in a bazaar)

   [ring of evasion]

   It affects your evasion (+4).
   It affects your strength (+4).
   It affects your accuracy and damage with ranged weapons and melee attacks
   (+2).
 y - the ring of the Messenger {*Tele rPois rF++ MR- Stlth+}
   (You found it on level 4 of the Lair of Beasts)

   [ring of teleportation]

   It may teleport you next to monsters.
   It greatly protects you from fire.
   It protects you from poison.
   It affects your resistance to hostile enchantments.
   It makes you more stealthy.
 Q - the ring "Coh Wof" {+Fly MR++ rCorr Dex-2 Stlth+}
   (You found it on level 1 of the Realm of Zot)

   [ring of resist corrosion]

   It affects your dexterity (-2).
   It affects your resistance to hostile enchantments.
   It lets you fly.
   It provides partial protection from all sources of acid and corrosion.
   It makes you more stealthy.
Wands
 n - a wand of disintegration (36)
 A - a wand of digging (10)
 E - a wand of acid (38)
Scrolls
 d - 29 scrolls of remove curse
 e - 2 scrolls of amnesia
 f - 5 scrolls of immolation
 g - 2 scrolls of silence
 j - 11 scrolls of fear
 k - 22 scrolls of teleportation
 o - 12 scrolls of blinking
 s - a scroll of summoning
 D - 9 scrolls of fog
 P - 29 scrolls of identify
Potions
 i - 20 potions of curing
 p - 4 potions of resistance
 z - 8 potions of heal wounds
 B - 2 potions of might
 F - 7 potions of flight
 I - 3 potions of cancellation
 J - 8 potions of invisibility
 N - 4 potions of berserk rage
 O - 8 potions of mutation


   Skills:
 - Level 20.1 Fighting
 - Level 18.3 Axes
 - Level 20.3 Armour
 - Level 19.5 Dodging
 - Level 2.4 Stealth
 - Level 14.5 Shields
 + Level 12.9 Spellcasting
 + Level 25.8 Necromancy
 - Level 16.2 Transmutations
 - Level 13.6 Ice Magic
 - Level 25.0 Earth Magic
 - Level 16.1 Invocations


You had 9 spell levels left.
You knew the following spells:

 Your Spells              Type           Power        Failure   Level
a - Infestation           Necr           ######....   1%          8
b - Statue Form           Tmut/Erth      ######...    1%          6
c - Absolute Zero         Ice            #####.....   100%        9
d - Borgnjor's Revivific  Necr           ######....   1%          8
e - Blink                 Tloc           N/A          21%         2
f - Death's Door          Necr           ######....   34%         9

Your spell library contained the following spells:

 Spells                   Type           Power        Failure   Level
 Animate Skeleton         Necr           ######       0%          1
 Beastly Appendage        Tmut           #####.       0%          1
 Freeze                   Ice            ####         0%          1
 Pain                     Necr           ####         0%          1
 Corpse Rot               Necr/Air       N/A          0%          2
 Passwall                 Tmut/Erth      ######..     0%          2
 Sublimation of Blood     Necr           ######....   0%          2
 Wereblood                Tmut           #####...     0%          2
 Vampiric Draining        Necr           ######....   0%          3
 Animate Dead             Necr           ######....   0%          4
 Dispel Undead            Necr           ######..     0%          4
 Petrify                  Tmut/Erth      ######..     0%          4
 Agony                    Necr           ######..     0%          5
 Excruciating Wounds      Necr           ######....   0%          5
 Lee's Rapid Deconstruct  Erth           ######....   0%          5
 Sting                    Tmut/Pois      ####         1%          1
 Frozen Ramparts          Ice            #####.       1%          3
 Ozocubu's Armour         Ice            #####...     1%          3
 Spider Form              Tmut/Pois      ####......   1%          3
 Stone Arrow              Conj/Erth      #####.       1%          3
 Ice Form                 Ice/Tmut       #####...     1%          4
 Leda's Liquefaction      Hex/Erth       #####.....   1%          4
 Blade Hands              Tmut           #####.....   1%          5
 Hydra Form               Tmut           #####.....   1%          6
 Ignite Poison            Fire/Tmut/Pois ###.....     3%          3
 Hailstorm                Conj/Ice       ###.....     7%          4
 Summon Ice Beast         Ice/Summ       ###.....     7%          4
 Bolt of Magma            Conj/Fire/Erth ####......   11%         5
 Apportation              Tloc           #.....       13%         1
 Corona                   Hex            #......      13%         1
 Foxfire                  Conj/Fire      #...         13%         1
 Magic Dart               Conj           #...         13%         1
 Shock                    Conj/Air       #...         13%         1
 Summon Small Mammal      Summ           #...         13%         1
 Alistair's Intoxication  Tmut/Pois      ####.....    13%         5
 Irradiate                Conj/Tmut      ####......   13%         5
 Yara's Violent Unravell  Hex/Tmut       ####......   13%         5
 Dragon Form              Tmut           #####.....   13%         7
 Necromutation            Tmut/Necr      ######....   16%         8
 Call Imp                 Summ           #.......     21%         2
 Poisonous Vapours        Pois/Air       #.....       21%         2
 Searing Ray              Conj           #.....       21%         2
 Slow                     Hex            #.......     21%         2
 Swiftness                Air            #.......     21%         2
 Metabolic Englaciation   Hex/Ice        ###.......   24%         5
 Call Canine Familiar     Summ           #.......     41%         3
 Confusing Touch          Hex            #.......     41%         3
 Gell's Gravitas          Tloc           #.........   41%         3
 Inner Flame              Hex/Fire       #.......     41%         3
 Lesser Beckoning         Tloc           #.........   41%         3
 Mephitic Cloud           Conj/Pois/Air  #.......     41%         3
 Portal Projectile        Hex/Tloc       #.....       41%         3
 Static Discharge         Conj/Air       #.......     41%         3
 Summon Guardian Golem    Hex/Summ       #.......     41%         3
 Teleport Other           Tloc           #.......     41%         3
 Tukima's Dance           Hex            #.......     41%         3
 Haunt                    Necr/Summ      #####.....   54%         7
 Eringya's Noxious Bog    Tmut/Pois      ####......   63%         6
 Airstrike                Air            #.........   85%         4
 Cause Fear               Hex            #.........   85%         4
 Olgreb's Toxic Radiance  Pois           #.......     85%         4
 Passage of Golubria      Tloc           N/A          85%         4
 Sticky Flame             Conj/Fire      #.......     85%         4
 Summon Lightning Spire   Summ/Air       #.......     85%         4
 Fireball                 Conj/Fire      #.........   99%         5
 Lightning Bolt           Conj/Air       #.........   99%         5
 Silence                  Hex/Air        #.........   99%         5
 Summon Demon             Summ           #.........   99%         5
 Summon Forest            Summ/Tloc      #.........   99%         5
 Summon Mana Viper        Hex/Summ       #.......     99%         5
 Conjure Ball Lightning   Conj/Air       #.........   100%        6
 Dispersal                Tloc           #.........   100%        6
 Invisibility             Hex            #.......     100%        6
 Shadow Creatures         Summ           N/A          100%        6
 Starburst                Conj/Fire      #.........   100%        6
 Malign Gateway           Summ/Tloc      #.........   100%        7
 Monstrous Menagerie      Summ           #.........   100%        7
 Summon Greater Demon     Summ           #.........   100%        7
 Summon Hydra             Summ           #.........   100%        7
 Chain Lightning          Conj/Air       #.........   100%        8
 Disjunction              Tloc           #.........   100%        8
 Ignition                 Fire           #.........   100%        8
 Lehudib's Crystal Spear  Conj/Erth      #####.....   100%        8
 Summon Horrible Things   Summ           #.........   100%        8
 Fire Storm               Conj/Fire      #.........   100%        9
 Tornado                  Air            #.........   100%        9


Dungeon Overview and Level Annotations

Branches:
Dungeon (15/15)            Temple (0/1) D:7            Lair (6/6) D:9
  Swamp (4/4) Lair:4        Snake (4/4) Lair:4        Slime (5/5) Lair:6
    Orc (2/2) D:11            Elf (3/3) Orc:2        Vaults (5/5) D:14
  Crypt (0/3) Vaults:2     Depths (5/5) D:15           Hell (visited)
    Dis (7/7) Hell            Geh (7/7) Hell            Coc (7/7) Hell
    Tar (0/7) Hell            Zot (5/5) Depths:5      Sewer (visited)
 Bailey (visited)         Gauntlet (visited)

Altars:
Cheibriados
Elyvilon
Hepliaklqana
Kikubaaqudgha
Makhleb
Okawaru
Ru
Trog
Vehumet
Xom
Zin
Beogh
Jiyva

Shops:
D:6 !   D:8 (   D:9 ?   D:10 [   D:14 (   Orc:2 =*[(   Elf:2 =   Snake:1 [
Snake:2 =}}   Snake:4 *(   Vaults:2 [   Vaults:3 (   Depths:1 [=*[
Depths:2 [*(}

Portals:
Hell: Depths:1 Depths:2 Depths:3 Depths:4 Depths:5
Abyss: Depths:1 Depths:4
Pandemonium: Depths:3
Ziggurat: Depths:2
Bazaar: Depths:3

Annotations:
D:3 exclusion: downstairs
D:4 1 runed translucent door, Demosthentine's ghost, novice FoFi
D:8 1 runed translucent door
Elf:2 3 runed translucent doors
Vaults:2 1 runed translucent door, HilariousDeathArtist's ghost, adept SpWn
Vaults:3 2 runed translucent doors, jejorda2's ghost, adept DsBe
Depths:2 exclusion: daeva


Innate Abilities, Weirdness & Mutations

You are resistant to damage.
You can heal yourself by infusing magical energy.
You resist negative energy. (rN+)
You passively map a large area around you.
You do not regenerate.
You have sharp toenails.
Your body sometimes deteriorates upon taking damage.
Your magical capacity is low. (-10% MP)
You are somewhat resistant to both further mutation and mutation removal.
Your spells are much easier to cast, but much less powerful.


Message History

The Hell Sentinel is almost dead.
The Hell Sentinel barely misses you. You block the Hell Sentinel's attack.
You are too injured to fight recklessly!
Unknown command.
You hit the Hell Sentinel but do no damage.
The Hell Sentinel is almost dead.
The Hell Sentinel gestures at you.
The sphere of damnation explodes!
The damnation engulfs you!!!
* * * LOW HITPOINT WARNING * * *
The damnation engulfs the Hell Sentinel.
The Hell Sentinel completely resists.
Unknown command.
You are too injured to fight recklessly!
Unknown command.
You are too injured to fight recklessly!
You hit the Hell Sentinel but do no damage.
The Hell Sentinel is almost dead.
The Hell Sentinel gestures at you.
The sphere of damnation explodes!
The damnation engulfs you!!
You die...

* 8.8.8..##.8.8.....8...#.....##
........#)............#.8...#.
,........'..)†.........#.....'. '
........')..†.........#....)).
,........#)............#.8...#. *
8.8.8..##.8†8.......8.#....)##
......#*#.$...........#.....#.
.....# ######1''######.8...##
....# #....@........+.....##
..#######.............+.....#.
#####.....'.............+.....##
,#...#...[.'.............########
#...#.....#.8.8.8.8...8. ###...
,#...'.....#.............###.....
,#...'.....###############.......
############..##..##..##.........
.........).......................


You could see a Hell Sentinel.

Vanquished Creatures
  Antaeus (Coc:7)
  Asmodeus (Geh:7)
  the Royal Jelly (Slime:5)
  The ghost of Gyroff the Conqueror, a legendary DsFi of Jiyva (Depths:5)
  8 ancient liches
  5 orbs of fire
  Mennas (Vaults:3)
  4 juggernauts
  Mara (Swamp:4)
  The ghost of deprived the Bringer of Light, a veteran HOFi of the Shining One (Vaults:1)
  Boris (Vaults:5)
  Sojobo (Depths:5)
  4 Killer Klowns
  Frederick (Vaults:4)
  Bai Suzhen (Vaults:5)
  Vashnia (Snake:3)
  4 shard shrikes (Coc:7)
  Xtahua (Vaults:5)
  A caustic shrike (Depths:3)
  A curse toe (Zot:3)
  Geryon (Hell)
  17 golden dragons
  4 bone dragons
  A hellephant (Abyss:3)
  5 liches
  4 iron giants
  5 electric golems
  Rupert (D:14)
  15 Ice Fiends
  Jorgrun (D:13)
  9 Brimstone Fiends (Geh:7)
  11 tentacled monstrosities
  5 Hell Sentinels (Dis:7)
  3 deep elf blademasters
  18 Orb Guardians
  2 quicksilver dragons (Vaults:5)
  7 titans
  4 deep elf master archers (Elf:3)
  Kirke (Snake:2)
  23 acid blobs
  2 tentacled starspawn (Abyss:3)
  6 ancient champions
  17 storm dragons
  Gastronok (D:11)
  9 tengu reavers
  The ghost of wjtupper the Warrior, an adept MiHu of Okawaru (Snake:2)
  9 death cobs
  Frances (Swamp:2)
  8 sphinxes
  12 shadow dragons
  3 draconian monks
  2 thorn hunters (Swamp:4)
  27 fire giants
  9 nagarajas (Snake:4)
  15 azure jellies
  A revenant (Abyss:3)
  9 iron dragons
  17 frost giants
  7 deep elf sorcerers
  10 vault wardens
  4 draconian scorchers
  5 deep elf elementalists (Elf:3)
  Aizul (Snake:3)
  2 ghost moths
  5 draconian knights
  4 draconian shifters
  The ghost of Icun the Thaumaturge, a journeyman GnWr of Okawaru (Snake:2)
  8 balrugs
  4 cacodemons
  2 orc warlords
  14 ironheart preservers
  A ghoul (Vaults:4)
  An angel (Abyss:1)
  14 war gargoyles
  Louise (Depths:4)
  27 very ugly things
  A spriggan defender (Depths:2)
  9 reapers
  7 draconian stormcallers
  3 vampire knights (Depths:4)
  2 draconian annihilators
  8 green draconians
  3 entropy weavers
  3 elemental wellsprings (Coc:7)
  9 large abominations
  29 stone giants
  8 deep elf annihilators
  Nessos (D:14)
  14 deep elf demonologists
  The ghost of FacelessVoid the Severer, a journeyman DsGl of Qazlal (D:15)
  3 purple draconians
  10 black draconians
  7 yellow draconians
  A lorocyproca (Dis:4)
  17 spark wasps
  4 white draconians
  6 bunyips
  17 red draconians
  2 minotaurs
  6 eleionomae
  The ghost of Isouggaj the Gelid, a journeyman BaIE of Vehumet (Lair:5)
  7 deep elf death magi
  11 death oozes
  14 ettins
  A merfolk javelineer (Vaults:1)
  21 yaktaur captains
  8 blizzard demons
  A shambling mangrove (Swamp:4)
  8 deep elf high priests
  Josephine (D:14)
  6 rakshasas
  28 hydras
  2 quicksilver dragon zombies
  Harold (Lair:1)
  11 fire dragons
  4 kraken zombies
  18 great orbs of eyes
  9 boulder beetles
  12 naga warriors
  3 quicksilver dragon skeletons
  28 vault guards
  15 ice dragons
  A hell beast (Depths:5)
  4 spriggan air magi
  2 ghost crabs (Swamp:4)
  11 centaur warriors
  4 catoblepae
  16 anacondas
  A merfolk avatar (Lair:6)
  8 deep troll earth magi
  26 two-headed ogres
  9 dancing weapons
  8 alligators
  The ghost of Copingsaw the Covert, a journeyman OpFi of Gozag (D:11)
  18 hell hogs
  11 ogre magi
  2 death knights
  30 naga sharpshooters
  6 tengu warriors
  9 deep troll shamans
  Urug (D:14)
  2 storm dragon zombies
  4 spriggan berserkers
  4 titan zombies
  4 death yaks (Lair:5)
  3 orc high priests (Orc:2)
  2 vampire magi
  2 thrashing horrors (Abyss:3)
  48 hell knights
  2 spriggans (Swamp:1)
  6 wretched stars (Abyss:3)
  Nergalle (D:12)
  Sonja (Lair:3)
  8 shock serpents
  23 deep elf knights
  2 soul eaters (Hell)
  9 salamander mystics
  8 sun demons
  5 iron trolls
  5 iron golems
  A storm dragon skeleton (Geh:7)
  37 skeletal warriors
  A titan skeleton (Coc:6)
  A spatial maelstrom (Abyss:3)
  A shadow wraith (Abyss:3)
  4 anaconda zombies
  A fire crab (shapeshifter) (Depths:3)
  2 unseen horrors (shapeshifter)
  21 swamp dragons
  6 sixfirhies
  2 golden dragon zombies
  5 goliath frogs
  A spriggan druid (Swamp:3)
  2 wizards (Gauntlet)
  A deep troll (shapeshifter) (Vaults:5)
  14 glowing orange brains
  An orange crystal statue (Elf:3)
  4 flayed ghosts
  3 bog bodies
  A kraken simulacrum (Hell)
  4 naga ritualists
  21 deep elf archers
  37 deep trolls
  6 phantasmal warriors
  5 anaconda skeletons
  5 lindwurms
  A harpy (shapeshifter) (Vaults:2)
  A wolf spider zombie (Geh:2)
  4 iron dragon zombies
  12 necromancers
  13 orc knights
  11 ironbrand convokers
  60 deep elf magi
  8 shining eyes
  2 shadow dragon zombies
  9 mana vipers (Snake:4)
  3 fire giant zombies
  A wolf spider (shapeshifter) (Vaults:5)
  49 ugly things
  7 orc sorcerers
  4 manticores
  19 salamanders
  A wolf spider (Vaults:5)
  4 frost giant zombies
  5 cyclopes
  3 will-o-the-wisps
  4 oklob plants (Lair:4)
  A worldbinder (Abyss:3)
  2 stone giant zombies (Vaults:5)
  20 moths of wrath
  A salamander (shapeshifter) (Depths:2)
  3 stone giant skeletons
  10 vault sentinels
  10 smoke demons
  An apocalypse crab (Abyss:3)
  8 guardian serpents
  3 iron dragon skeletons
  A human skeleton (Vaults:1)
  16 rust devils
  32 elephants
  A manticore (shapeshifter) (D:11)
  2 frost giant skeletons
  39 black mambas
  14 naga magi
  2 dire elephant zombies
  2 titan simulacra
  An eye of devastation (Slime:2)
  2 gargoyles
  Maggie (D:6)
  A cane toad (shapeshifter) (Vaults:3)
  7 molten gargoyles (Geh:7)
  2 torpor snails (Lair:5)
  15 cane toads
  A torpor snail (shapeshifter) (D:11)
  4 orange demons
  2 ice statues (Hell)
  3 centaur skeletons
  An emperor scorpion zombie (Geh:2)
  An orc skeleton (Vaults:1)
  31 yaktaurs
  A yaktaur zombie (Vaults:5)
  8 hellions
  3 tormentors
  3 kobold demonologists
  6 efreet
  12 small abominations
  A yaktaur (shapeshifter) (Vaults:1)
  14 freezing wraiths
  A rime drake (shapeshifter) (Depths:1)
  8 komodo dragons
  An anaconda simulacrum (Hell)
  A dire elephant skeleton (Geh:2)
  A yaktaur skeleton (Vaults:2)
  12 rime drakes
  A golden dragon simulacrum (Abyss:3)
  A catoblepas skeleton (Coc:7)
  A hellwing (Depths:3)
  7 hydra zombies
  8 red devils
  3 tengu conjurers
  14 ice devils
  A wind drake (Lair:6)
  An ancient zyme (Abyss:3)
  A jumping spider (shapeshifter) (Vaults:3)
  2 jumping spiders
  A silent spectre (Abyss:3)
  2 meliai (shapeshifter)
  6 meliai
  A polar bear (shapeshifter) (Elf:2)
  9 tyrant leeches
  6 trolls
  11 hornets
  2 harpy skeletons
  A queen bee (Lair:5)
  5 polar bears
  Prince Ribbit (D:7)
  A blink frog (shapeshifter) (Vaults:5)
  A fire giant simulacrum (Coc:7)
  7 raiju (Abyss:3)
  5 alligator zombies
  43 blink frogs
  A dream sheep (shapeshifter) (Vaults:2)
  2 hydra skeletons
  3 ettin zombies
  89 slime creatures
  2 fire dragon zombies
  A frost giant simulacrum (Vaults:5)
  A human simulacrum (Vaults:1)
  An air elemental (Elf:1)
  16 flying skulls
  3 shadows
  5 fire dragon skeletons
  A vampire (D:12)
  A centaur simulacrum (D:14)
  An ettin skeleton (Geh:7)
  A ynoxinul (Abyss:3)
  2 ice dragon skeletons
  8 redbacks
  2 tarantellas (shapeshifter)
  A hog (shapeshifter) (Vaults:2)
  8 water elementals
  22 fire elementals
  4 hogs (Snake:2)
  An alligator skeleton (Hell)
  7 fire bats
  A fire bat (shapeshifter) (Vaults:5)
  21 wraiths
  12 wyverns
  A yak (shapeshifter) (D:14)
  63 yaks
  16 humans (D:14)
  A human (shapeshifter) (D:15)
  6 basilisks
  3 steam dragons
  A chaos spawn (Abyss:3)
  9 neqoxecs (Abyss:3)
  10 vampire mosquitoes
  Menkaure (D:5)
  3 wargs (D:9)
  A spatial vortex (Abyss:3)
  4 soldier ants (D:8)
  29 nagas
  A merfolk zombie (Coc:2)
  8 swamp worms
  2 acid dragons
  21 hell hounds
  Duvessa (D:6)
  A merfolk skeleton (Coc:7)
  21 water moccasins
  4 cane toad zombies
  A hydra simulacrum (Coc:2)
  A floating eye (shapeshifter) (Vaults:5)
  60 orc warriors
  18 swamp drakes
  3 cane toad skeletons
  8 ice beasts
  4 human zombies
  6 black bears
  2 orc zombies
  2 phantoms
  31 ogres
  9 eyes of draining
  6 necrophages
  15 wolves
  4 boggarts
  21 centaurs
  A manticore skeleton (Geh:2)
  2 swamp dragon skeletons
  4 big kobolds
  24 bullfrogs
  A bullfrog (shapeshifter) (Vaults:5)
  4 earth elementals
  Dowan (D:6)
  2 cane toad simulacra (Hell)
  A deep troll simulacrum (Vaults:1)
  6 scorpions
  A swamp dragon simulacrum (Coc:1)
  A water moccasin skeleton (D:6)
  A manticore simulacrum (Coc:7)
  An elf simulacrum (Vaults:1)
  42 killer bees
  29 wights
  An electric eel (Lair:5)
  3 howler monkeys
  2 crimson imps (Depths:3)
  2 centaur zombies
  5 starcursed masses (Abyss:3)
  2 quasits
  7 hounds
  37 orc priests
  10 jellies
  36 orc wizards
  3 bullfrog skeletons
  13 iron imps
  5 iguanas
  15 worker ants
  7 hell rats
  A lightning spire (Zot:1)
  A bullfrog simulacrum (D:11)
  A hound skeleton (D:4)
  A mummy (Coc:6)
  A worker ant zombie (D:8)
  Robin (D:3)
  A howler monkey zombie (D:5)
  13 gnolls (Bailey)
  18 adders
  2 river rats
  5 shadow imps
  16 white imps
  2 ufetubi
  4 oozes
  An adder zombie (D:10)
  3 adder skeletons
  3 worms
  2 dart slugs
  8 leopard geckos
  147 orcs
  3 ball pythons
  6 bats
  4 giant cockroaches
  17 hobgoblins
  6 quokkas
  8 frilled lizards
  17 goblins
  A jackal skeleton (D:6)
  36 kobolds
  A quokka zombie (D:5)
  12 rats
  3 crawling corpses (Vaults:5)
  3 starspawn tentacles (Abyss:3)
  5 tentacles
3224 creatures vanquished.

Vanquished Creatures (collateral kills)
  An orb of fire (Zot:4)
  5 iron giants (Dis:7)
  An Ice Fiend (Coc:7)
  3 Hell Sentinels (Dis:7)
  An ancient champion (Dis:7)
  2 iron dragons (Dis:7)
  4 reapers
  7 war gargoyles (Dis:7)
  An elemental wellspring (Coc:7)
  A quicksilver dragon zombie (Geh:7)
  2 death oozes (Slime:5)
  An ice dragon (Coc:7)
  A hell hog (Dis:7)
  3 iron golems (Dis:7)
  3 sun demons (Hell)
  10 iron trolls (Dis:7)
  A flayed ghost (Dis:7)
  3 skeletal warriors
  2 golden dragon zombies
  A shadow dragon zombie (Dis:7)
  A fire giant zombie (Coc:7)
  A phantasmal warrior (Dis:5)
  2 iron dragon zombies
  A stone giant zombie (Dis:7)
  6 rust devils
  A molten gargoyle (Geh:7)
  A hellion (Geh:7)
  A catoblepas zombie (Dis:5)
  A freezing wraith (Coc:7)
  A demonic crawler (Hell)
  3 tormentors
  5 ice devils
  A red devil (Hell)
  An ice dragon zombie (Dis:5)
  A wraith (Dis:5)
  A water elemental (Coc:7)
  3 fire elementals (Hell)
  A hydra simulacrum (Coc:7)
  4 hell hounds (Hell)
  10 iron imps
  A mummy (Coc:7)
100 creatures vanquished.

Vanquished Creatures (others)
  A golden dragon (Vaults:5)
  Nikola (Swamp:4)
  Asterion (Depths:2)
  A lich (Coc:7)
  2 nagarajas (Snake:4)
  A fire giant (Vaults:5)
  4 draconian scorchers
  A reaper (Hell)
  3 elemental wellsprings
  A white draconian (Zot:2)
  A merfolk javelineer (Vaults:1)
  2 deep elf death magi
  A yaktaur captain (Vaults:5)
  A rakshasa (Abyss:3)
  A naga warrior (Vaults:1)
  4 ice dragons
  3 hell hogs
  A sun demon (Geh:7)
  A deep elf knight (Elf:1)
  A skeletal warrior (Coc:7)
  3 hell knights (Geh:4)
  A deep troll (Depths:2)
  A spriggan druid (Swamp:4)
  A naga ritualist (Snake:4)
  A large abomination (Abyss:3)
  3 deep elf magi
  A rust devil (Dis:7)
  A frost giant skeleton (Coc:7)
  A dire elephant skeleton (Geh:7)
  A tormentor (Geh:2)
  An efreet (Geh:7)
  2 freezing wraiths (Coc:7)
  3 bloated husks
  2 shadows (Geh:2)
  A water elemental (Hell)
  2 fire elementals
  A swamp worm (Swamp:2)
  A water moccasin (shapeshifter) (Depths:3)
  5 hell hounds
  An ogre (Vaults:1)
  A boggart (Depths:2)
  A necrophage (Geh:2)
  A spriggan zombie (Geh:4)
  A wight (Geh:7)
  A killer bee (Lair:5)
  An iron imp (Dis:7)
  An orc (D:14)
  An orc zombie (Geh:4)
  A bush (Lair:6)
  21 foxfires
  38 fungi
  128 plants
  6 starspawn tentacles (Abyss:3)
  26 tentacles
  5 withered plants (Snake:2)
298 creatures vanquished.

Grand Total: 3622 creatures vanquished

Notes
Turn   | Place    | Note
-------+----------+-------------------------------------------
     0 | D:1      | strifetoe the Deep Dwarf Monk began the quest for the Orb.
     0 | D:1      | Reached XP level 1. HP: 20/20 MP: 1/1
    80 | D:1      | Reached XP level 2. HP: 18/27 MP: 2/2
   310 | D:1      | Reached XP level 3. HP: 33/33 MP: 3/3
   831 | D:2      | Reached skill level 5 in Axes
  1192 | D:2      | Reached XP level 4. HP: 21/40 MP: 4/4
  1231 | D:3      | Found a snail-covered altar of Cheibriados.
  1245 | D:3      | Noticed Robin
  1477 | D:3      | Killed Robin
  1649 | D:3      | Reached XP level 5. HP: 39/46 MP: 5/5
  2138 | D:3      | Found a radiant altar of Vehumet.
  2525 | D:4      | Found a runed translucent door.
  2526 | D:4      | Noticed Demosthentine's ghost (novice FoFi)
  2567 | D:4      | Found a bloodstained altar of Trog.
  2600 | D:4      | Reached skill level 1 in Shields
  2650 | D:4      | Reached XP level 6. HP: 29/55 MP: 6/6
  3620 | D:4      | Reached XP level 7. HP: 37/61 MP: 5/5
  3946 | D:5      | Entered Level 5 of the Dungeon
  4036 | D:5      | Found a shimmering altar of Xom.
  4078 | D:5      | Noticed Menkaure
  4117 | D:5      | Found a burning altar of Makhleb.
  4133 | D:5      | Became a worshipper of Makhleb the Destroyer
  4133 | D:5      | Reached * piety under Makhleb
  4133 | D:5      | Reached ** piety under Makhleb
  4216 | D:5      | Found a sacrificial altar of Ru.
  4290 | D:5      | Reached skill level 5 in Shields
  4377 | D:5      | Killed Menkaure
  4378 | D:5      | Reached XP level 8. HP: 53/68 MP: 5/5
  4403 | D:5      | Reached skill level 1 in Armour
  4887 | D:6      | Found Caoqokei's Distillery.
  4890 | D:6      | Bought a potion of heal wounds for 60 gold pieces
  4890 | D:6      | Bought a potion of heal wounds for 60 gold pieces
  4969 | D:6      | Noticed Dowan
  4970 | D:6      | Noticed Duvessa
  4977 | D:6      | Found a glowing drain.
  5001 | D:6      | Killed Duvessa
  5003 | D:6      | Killed Dowan
  5044 | Sewer    | Entered a sewer
  5075 | Sewer    | Noticed Purgy
  5078 | Sewer    | Noticed Purgy
  5078 | Sewer    | Purgy changed into Purgy the bullfrog
  5080 | Sewer    | Killed Purgy the bullfrog
  5232 | D:6      | Reached skill level 10 in Axes
  5354 | D:6      | Noticed Maggie
  5375 | D:6      | Killed Maggie
  5376 | D:6      | Reached skill level 5 in Armour
  5376 | D:6      | Gained mutation: You passively map the area around you.
                  | [Deep Dwarf growth]
  5376 | D:6      | Reached XP level 9. HP: 77/78 MP: 5/5
  5459 | D:6      | Reached *** piety under Makhleb
  5868 | D:6      | Got a distressingly furry scale mail
  5879 | D:6      | Identified the +5 scale mail of Uhishrour {Harm rF- rC-
                  | Str+7} (You found it on level 6 of the Dungeon)
  6104 | D:7      | Found a staircase to the Ecumenical Temple.
  6173 | D:7      | Noticed Prince Ribbit
  6210 | D:7      | Killed Prince Ribbit
  6211 | D:7      | Reached skill level 1 in Invocations
  6593 | D:8      | Reached skill level 5 in Fighting
  6650 | D:8      | Found a runed translucent door.
  6809 | D:8      | Reached **** piety under Makhleb
  6855 | D:8      | Found Saumm's Weapon Emporium.
  6922 | D:8      | Found the +9 staff of Olgreb {rPois∞}
  6941 | D:8      | Found a runed translucent gate.
  6941 | D:8      | Found a runed translucent gate.
  6942 | D:8      | Found a runed translucent door.
  6952 | D:8      | Found a runed translucent gate.
  7043 | D:8      | Reached skill level 5 in Invocations
  7051 | D:8      | Found a hazy altar of Hepliaklqana.
  7222 | D:8      | Reached XP level 10. HP: 91/91 MP: 7/9
  7519 | D:9      | Found Gejim's Magic Scroll Boutique.
  7580 | D:9      | Found a staircase to the Lair.
  7796 | D:10     | Entered Level 10 of the Dungeon
  7871 | D:10     | Found Rizxigh's Armour Boutique.
  7952 | D:10     | Reached ***** piety under Makhleb
  8594 | D:10     | Got a pair of glimmering gloves
  8600 | D:10     | Identified the +1 pair of gloves of Nojuvusoq {Str+3} (You
                  | found it on level 10 of the Dungeon)
  8668 | D:10     | Bought a +1 pair of boots of running for 401 gold pieces
  8679 | D:10     | Identified 3 scrolls of acquirement
  8679 | D:10     | Acquired the +2 broad axe of Insufficient Pleasure {venom,
                  | Str+4}
  8681 | D:10     | Acquired a +2 crystal plate armour
  8683 | D:10     | Acquired a +2 hat of magic resistance
  8731 | D:11     | Noticed a cyclops
  8732 | D:11     | Noticed an orc knight
  8735 | D:11     | Noticed a cyclops
  8745 | D:11     | Reached XP level 11. HP: 103/103 MP: 10/10
  8758 | D:10     | Killed an orc knight
  9064 | D:11     | Found a roughly hewn altar of Beogh.
  9069 | D:11     | Found a staircase to the Orcish Mines.
  9150 | D:11     | Noticed Gastronok
  9164 | D:11     | Killed Gastronok
  9203 | D:11     | Found a runed translucent gate.
  9203 | D:11     | Found a runed translucent gate.
  9203 | D:11     | Found a runed translucent gate.
  9203 | D:11     | Noticed Copingsaw's ghost (journeyman OpFi)
  9265 | D:11     | Noticed a red ugly thing
  9267 | D:11     | Noticed a two-headed ogre
  9291 | D:10     | Killed a red ugly thing
  9453 | D:11     | Reached ****** piety under Makhleb
  9469 | D:11     | Killed a two-headed ogre
  9655 | D:11     | Killed Copingsaw's ghost
  9775 | D:11     | Noticed a centaur warrior
  9786 | D:11     | Killed a centaur warrior
  9787 | D:11     | Reached XP level 12. HP: 113/113 MP: 11/11
  9798 | D:11     | Reached skill level 15 in Axes
 10031 | D:11     | Noticed a sphinx
 10042 | D:11     | Killed a sphinx
 10357 | D:12     | Found a runed translucent gate.
 10357 | D:12     | Found a runed translucent gate.
 10357 | D:12     | Found a runed translucent gate.
 10361 | D:12     | Noticed FacelessVoid's ghost (journeyman DsGl)
 10497 | D:12     | Noticed Nergalle
 10508 | D:12     | Killed Nergalle
 10560 | D:12     | Found a roughly hewn altar of Beogh.
 11074 | Orc:1    | Entered Level 1 of the Orcish Mines
 11151 | Orc:1    | Found a roughly hewn altar of Beogh.
 11195 | Orc:1    | Noticed a stone giant
 11204 | Orc:1    | Killed a stone giant
 11214 | Orc:1    | Found a flagged portal.
 11225 | Orc:1    | Noticed a two-headed ogre
 11234 | Orc:1    | Killed a two-headed ogre
 11240 | Bailey   | Entered a bailey
 11541 | Bailey   | Reached XP level 13. HP: 49/120 MP: 13/13
 11542 | Bailey   | Gained mutation: You resist negative energy. (rN+) [Deep
                  | Dwarf growth]
 11542 | Bailey   | Reached XP level 14. HP: 53/129 MP: 13/15
 11864 | Orc:2    | Entered Level 2 of the Orcish Mines
 11963 | Orc:2    | Found a staircase to the Elven Halls.
 12000 | Orc:2    | Reached skill level 10 in Armour
 12000 | Orc:2    | Reached skill level 10 in Invocations
 12000 | Orc:2    | Reached XP level 15. HP: 138/138 MP: 16/16
 12176 | Orc:2    | Found a roughly hewn altar of Beogh.
 12204 | Orc:2    | Reached skill level 10 in Fighting
 12426 | Orc:2    | Noticed an orc warlord
 12452 | Orc:2    | Killed an orc warlord
 12631 | Orc:2    | Found Qousch's Antique Armour Boutique.
 12632 | Orc:2    | Found Cyibun's Antique Weapon Boutique.
 12633 | Orc:2    | Found Sounlace's General Store.
 12633 | Orc:2    | Found Miehosk's Jewellery Shop.
 12638 | Orc:2    | Bought the ring "Puole" {+Fly rN+ MR++ Dex-3 SInv} for 637
                  | gold pieces
 12842 | Lair:1   | Entered Level 1 of the Lair of Beasts
 12914 | Lair:1   | Noticed Harold
 12935 | Lair:1   | Killed Harold
 13419 | Lair:1   | Found a runed translucent door.
 13638 | Lair:1   | Got a slimy hat
 13691 | Lair:1   | Identified the cursed +0 hat of Wu Jian's Inspiration
                  | {*Contam rPois Str+6 Stlth+} (You found it on level 1 of
                  | the Lair of Beasts)
 14742 | Lair:3   | Noticed Sonja
 14752 | Lair:3   | Killed Sonja
 15282 | Lair:4   | Found a staircase to the Snake Pit.
 15290 | Lair:4   | Got a scintillating granite ring
 15688 | Lair:4   | Found a staircase to the Swamp.
 16101 | Lair:4   | Identified the ring of the Messenger {*Tele rPois rF++ MR-
                  | Stlth+} (You found it on level 4 of the Lair of Beasts)
 16243 | Lair:5   | Noticed Isouggaj's ghost (journeyman BaIE)
 16244 | Lair:5   | Found a runed translucent door.
 16318 | Lair:5   | Reached XP level 16. HP: 154/154 MP: 17/17
 16696 | Lair:5   | Found a white marble altar of Elyvilon.
 17192 | Lair:5   | Killed Isouggaj's ghost
 17216 | Lair:6   | Entered Level 6 of the Lair of Beasts
 17446 | Lair:6   | Identified Sif Muna's Incunabulum of Floating Conjuration
 17821 | Lair:6   | Found a viscous altar of Jiyva.
 17821 | Lair:6   | Found a staircase to the Slime Pits.
 18747 | D:9      | Bought a scroll of acquirement for 728 gold pieces
 18747 | D:9      | Acquired a scarf of resistance
 18929 | D:13     | Noticed Jorgrun
 18938 | D:13     | Killed Jorgrun
 19302 | D:14     | Found a gate to the Vaults.
 19302 | D:14     | Noticed Urug
 19302 | D:14     | Noticed Nessos
 19302 | D:14     | Noticed Rupert
 19305 | D:14     | Killed Urug
 19306 | D:14     | Reached XP level 17. HP: 163/163 MP: 19/19
 19315 | D:14     | Killed Nessos
 19315 | D:14     | Killed Rupert
 19358 | D:14     | Found Roakk's Weapon Boutique.
 19397 | D:14     | Found a gate leading to a gauntlet.
 19406 | Gauntlet | Entered a Gauntlet
 19406 | Gauntlet | Found a transporter.
 19406 | Gauntlet | Found a transporter.
 19406 | Gauntlet | Found a transporter.
 19407 | Gauntlet | Found a transporter.
 19411 | Gauntlet | Found a transporter.
 19412 | Gauntlet | Found a transporter.
 19417 | Gauntlet | Found a transporter.
 19420 | Gauntlet | Found a transporter.
 19422 | Gauntlet | Found a transporter.
 19430 | Gauntlet | Found a transporter.
 19430 | Gauntlet | Found a transporter.
 19524 | Gauntlet | Found a runed translucent door.
 19538 | Gauntlet | Found a transporter.
 19709 | Gauntlet | Identified the +4 hunting sling of Zin's Vengeance {flame,
                  | rF+ rC+ Int-4 Stlth+}
 19820 | D:14     | Noticed Josephine
 19840 | D:14     | Killed Josephine
 19871 | D:14     | Got a translucent amethyst amulet
 20104 | D:14     | Acquired the amulet "Tesikhez" {Reflect rPois Int+5 SH+5}
 20112 | D:14     | Identified the amulet of Xyxygro {Inacc Fragile rC+ Dex+4}
                  | (You found it on level 14 of the Dungeon)
 20518 | D:15     | Entered Level 15 of the Dungeon
 20663 | D:15     | Killed FacelessVoid's ghost
 20728 | D:15     | Found a staircase to the Depths.
 20882 | D:15     | Reached skill level 10 in Shields
 20955 | D:15     | Reached skill level 15 in Armour
 21610 | Swamp:1  | Entered Level 1 of the Swamp
 22281 | Swamp:2  | Noticed Frances
 22308 | Swamp:2  | Killed Frances
 22803 | Swamp:3  | Gained mutation: You passively map a large area around you.
                  | [Deep Dwarf growth]
 22803 | Swamp:3  | Reached XP level 18. HP: 171/171 MP: 20/20
 23345 | Swamp:4  | Entered Level 4 of the Swamp
 23497 | Swamp:4  | Noticed Nikola
 23702 | Swamp:4  | Noticed Mara
 23706 | Swamp:4  | Noticed strifetoe's illusion
 23780 | Swamp:4  | Killed Nikola
 23807 | Swamp:4  | Paralysed by a hornet for 1 turns
 24094 | Swamp:4  | Got a decaying rune of Zot
 24126 | Swamp:4  | Noticed strifetoe's illusion
 24279 | Swamp:4  | Noticed strifetoe's illusion
 24294 | Swamp:4  | Noticed strifetoe's illusion
 24297 | Swamp:4  | Killed Mara
 24580 | Snake:1  | Entered Level 1 of the Snake Pit
 25606 | Snake:1  | Found Pavitt's Armour Boutique.
 25711 | Snake:2  | Noticed Kirke
 25729 | Snake:2  | Killed Kirke
 25912 | Snake:2  | Found a runed translucent gate.
 25912 | Snake:2  | Found a runed translucent gate.
 25913 | Snake:2  | Found a runed translucent gate.
 25914 | Snake:2  | Noticed wjtupper's ghost (adept MiHu)
 25915 | Snake:2  | Noticed Icun's ghost (journeyman GnWr)
 26212 | Snake:2  | Reached skill level 10 in Dodging
 26334 | Snake:2  | Found Xonyss's Jewellery Boutique.
 26344 | Snake:2  | Found Uffaecs's Gadget Shoppe.
 26344 | Snake:2  | Found Nemmoqof's Gadget Shoppe.
 26737 | Snake:2  | Killed Icun's ghost
 26757 | Snake:2  | Killed wjtupper's ghost
 26758 | Snake:2  | Reached XP level 19. HP: 117/178 MP: 19/19
 27001 | Snake:3  | Noticed Aizul
 27028 | Snake:3  | Killed Aizul
 27253 | Snake:3  | Noticed Vashnia
 27293 | Snake:3  | Killed Vashnia
 27452 | Snake:1  | Bought the +6 tower shield "Anoole" {*Corrode rElec MR+
                  | Dex+8} for 914 gold pieces
 28109 | Snake:4  | Entered Level 4 of the Snake Pit
 28202 | Snake:4  | Found Laxtosh's Antique Weapon Boutique.
 28207 | Snake:4  | Found Ujigetid's General Store.
 28973 | Snake:4  | Reached skill level 15 in Dodging
 29071 | Snake:4  | Reached skill level 15 in Fighting
 29085 | Snake:4  | Reached XP level 20. HP: 194/194 MP: 10/19
 29117 | Snake:4  | Got a serpentine rune of Zot
 29858 | Elf:1    | Entered Level 1 of the Elven Halls
 30134 | Elf:1    | Identified Otwuynuenu's Catalogue of Illusion
 30450 | Elf:1    | Identified the Incunabulum of Confrontation
 30951 | Elf:2    | Found a runed translucent gate.
 30951 | Elf:2    | Found a runed translucent gate.
 30952 | Elf:2    | Found a runed translucent gate.
 31013 | Elf:2    | Found Corubruf's Jewellery Shoppe.
 31310 | Elf:3    | Entered Level 3 of the Elven Halls
 32031 | Elf:3    | Reached XP level 21. HP: 186/206 MP: 19/19
 32250 | Elf:3    | Identified the cursed ring "Zucaoxz Paoz" {rF+ Int-4 SInv}
 32355 | Elf:3    | Identified the +7 rapier "Bouwn" {venom, rN++}
 32454 | Elf:3    | Got a faintly glowing wooden ring
 32471 | Elf:3    | Got a fine morningstar
 32472 | Elf:3    | Identified the ring "Yqusis" {+Inv rElec Int+6} (You found
                  | it on level 3 of the Elven Halls)
 32473 | Elf:3    | Identified the cursed +1 morningstar of the Hidden Vale
                  | {vorpal, +Rage rN+++ MP-9} (You found it on level 3 of the
                  | Elven Halls)
 32814 | Elf:2    | Upgraded the game from 0.26-a0-958-gf3041fb45f to
                  | 0.26-a0-964-g69f9a3b9e2
 32921 | Vaults:1 | Entered Level 1 of the Vaults
 33194 | Vaults:1 | Found a runed translucent gate.
 33194 | Vaults:1 | Found a runed translucent gate.
 33194 | Vaults:1 | Found a runed translucent gate.
 33196 | Vaults:1 | Noticed deprived's ghost (veteran HOFi)
 33197 | Vaults:1 | Found an iron altar of Okawaru.
 33323 | Vaults:1 | Killed deprived's ghost
 33324 | Vaults:1 | Reached skill level 15 in Invocations
 33341 | Vaults:1 | Got a translucent battleaxe
 33343 | Vaults:1 | Got a transparent plate armour
 33348 | Vaults:1 | Identified the cursed +0 plate armour of Impatience {rC+
                  | Str+2} (You found it on level 1 of the Vaults)
 33349 | Vaults:1 | Identified the cursed +1 battleaxe of Wrongful Imprisonment
                  | {flame, rC+} (You found it on level 1 of the Vaults)
 34071 | Vaults:1 | Identified the ring "Dyirhys" {rPois rN+}
 34117 | Vaults:1 | Learned a level 3 spell: Spider Form
 34332 | Vaults:2 | Learned a level 6 spell: Statue Form
 34333 | Vaults:2 | Found a runed translucent door.
 34333 | Vaults:2 | Noticed HilariousDeathArtist's ghost (adept SpWn)
 34544 | Vaults:2 | Found Ovauriall's Armour Boutique.
 34716 | Vaults:2 | Reached skill level 1 in Earth Magic
 34943 | Vaults:3 | Reached skill level 5 in Earth Magic
 34988 | Vaults:3 | Noticed Mennas
 34989 | Vaults:3 | Reached XP level 22. HP: 220/220 MP: 22/22
 35001 | Vaults:3 | Killed Mennas
 35015 | Vaults:3 | Found a large runed translucent door.
 35015 | Vaults:3 | Found a large runed translucent door.
 35015 | Vaults:3 | Noticed jejorda2's ghost (adept DsBe)
 35597 | Vaults:2 | Found a staircase to the Crypt.
 35955 | Vaults:3 | Reached skill level 10 in Earth Magic
 36299 | Vaults:3 | Found Demen's Antique Weapon Shoppe.
 37313 | Vaults:4 | Reached skill level 15 in Earth Magic
 37942 | Depths:1 | Entered Level 1 of the Depths
 38024 | Depths:1 | Found a gateway to Hell.
 38047 | Depths:1 | Found Meddyn's General Store.
 38049 | Depths:1 | Found Hauzig's Armour Shop.
 38049 | Depths:1 | Found Fuurphog's Armour Boutique.
 38054 | Depths:1 | Found Tuhuniga's Jewellery Boutique.
 38079 | Depths:1 | Reached skill level 1 in Transmutations
 38087 | Depths:1 | Found a one-way gate to the infinite horrors of the Abyss.
 38281 | Depths:2 | Found Larabyogon's Gadget Shoppe.
 38320 | Depths:2 | Found a flickering gateway to a bazaar.
 38320 | Depths:2 | You fall into a shaft and drop 2 floors!
 38366 | Depths:2 | Reached skill level 5 in Transmutations
 38396 | Depths:2 | Noticed Asterion
 38431 | Bazaar   | Entered a bazaar
 38431 | Bazaar   | Found Nangel's Armour Shoppe.
 38431 | Bazaar   | Found Uveciros's Jewellery Emporium.
 38435 | Bazaar   | Found Cofotil's Antique Weapon Shoppe.
 38449 | Bazaar   | Found Ifydd's General Store.
 38457 | Bazaar   | Bought a scroll of acquirement for 936 gold pieces
 38465 | Bazaar   | Acquired the ring "Ujocriz" {EV+4 Str+4 Slay+2}
 38481 | Depths:2 | Killed Asterion
 38482 | Depths:2 | Reached XP level 23. HP: 219/228 MP: 20/23
 38590 | Depths:2 | Found Piyte's General Store.
 38595 | Depths:2 | Bought a scroll of teleportation for 72 gold pieces
 38797 | Depths:2 | Found Leco's Antique Armour Shop.
 38869 | Depths:2 | Found Ubadgh's Antique Weapon Shop.
 38920 | Depths:2 | Found a gateway to a ziggurat.
 38920 | Depths:2 | Identified the cursed -2 tower shield "Fuics" {Harm}
 39300 | Depths:2 | Noticed a juggernaut
 39316 | Depths:2 | Killed a juggernaut
 40036 | Depths:3 | Reached skill level 10 in Transmutations
 40065 | Depths:3 | Noticed a caustic shrike
 40099 | Depths:3 | Killed a caustic shrike
 40648 | Depths:3 | Found a one-way gate leading to the halls of Pandemonium.
 40861 | Depths:3 | Reached XP level 24. HP: 236/236 MP: 23/23
 40961 | Depths:3 | Found a gateway to a bazaar.
 41723 | Depths:4 | Got a pair of distressingly furry boots
 41784 | Depths:4 | Identified the amulet "Pytris" {Spirit Dex+4}
 41943 | Depths:4 | Identified the Incunabulum of Transmigration
 42111 | Depths:4 | Acquired 688 gold pieces
 42115 | Depths:4 | Identified the +2 pair of boots of Veneovvi {SInv} (You
                  | found it on level 4 of the Depths)
 42184 | Depths:4 | Noticed Louise
 42190 | Depths:4 | Killed Louise
 42477 | Depths:4 | Found a viscous altar of Jiyva.
 42580 | Depths:5 | Entered Level 5 of the Depths
 42587 | Depths:5 | Noticed a juggernaut
 42603 | Depths:5 | Killed a juggernaut
 42608 | Depths:5 | Reached XP level 25. HP: 225/243 MP: 23/23
 42677 | Depths:5 | Noticed a juggernaut
 42699 | Depths:5 | Killed a juggernaut
 42788 | Depths:5 | Noticed Sojobo
 42871 | Depths:5 | Killed Sojobo
 43129 | Depths:5 | Found a gate to the Realm of Zot.
 43848 | Vaults:5 | Entered Level 5 of the Vaults
 43869 | Vaults:5 | Noticed an ancient lich
 43885 | Vaults:5 | Killed an ancient lich
 43897 | Vaults:5 | Noticed Frederick
 43932 | Vaults:4 | Reached XP level 26. HP: 254/254 MP: 23/23
 43964 | Vaults:4 | Killed Frederick
 44120 | Vaults:5 | Reached skill level 15 in Transmutations
 44212 | Vaults:5 | Identified the ring "Muevyon" {rPois EV+4}
 44255 | Vaults:5 | Noticed Xtahua
 44264 | Vaults:5 | Killed Xtahua
 44274 | Vaults:5 | Identified the +5 great sword of the Median {holy, *Contam
                  | +Blink MR++ SInv}
 44351 | Vaults:5 | Identified the +9 plate armour of Lieskal {MR- Dex+3 SInv}
 44353 | Vaults:5 | Identified the +10 glaive of the Everdark {venom, rPois
                  | rC++}
 44491 | Vaults:5 | Noticed Bai Suzhen
 44520 | Vaults:5 | Killed Bai Suzhen
 44654 | Vaults:5 | Noticed Boris
 44701 | Vaults:5 | Killed Boris
 45347 | Vaults:5 | Got a silver rune of Zot
 46102 | Depths:1 | Acquired 501 gold pieces
 46235 | Depths:1 | Learned a level 9 spell: Absolute Zero
 46289 | Depths:1 | Voluntarily entered the Abyss.
 46319 | Abyss:1  | Found a corrupted altar of Lugonu.
 46551 | Abyss:3  | Reached skill level 1 in Ice Magic
 46578 | Abyss:3  | Reached skill level 1 in Spellcasting
 46727 | Abyss:3  | Gained mutation: You are dopey. (Int -2) [a neqoxec]
 46785 | Abyss:3  | Gained mutation: You have supernaturally acute eyesight.
                  | (SInv) [a cacodemon]
 47086 | Abyss:3  | Gained mutation: Your magical capacity is low. (-10% MP) [a
                  | neqoxec]
 47098 | Abyss:3  | Paralysed by accursed screaming for 2 turns
 47215 | Abyss:3  | Reached XP level 27. HP: 240/240 MP: 17/19
 47241 | Abyss:3  | Gained mutation: Your magical capacity is very low. (-20%
                  | MP) [a cacodemon]
 47281 | Abyss:3  | Got an abyssal rune of Zot
 47287 | Abyss:3  | Paralysed by accursed screaming for 1 turns
 47325 | Depths:1 | Escaped the Abyss
 47744 | Zot:1    | Entered Level 1 of the Realm of Zot
 47814 | Zot:1    | Found a runed translucent gate.
 47814 | Zot:1    | Found a runed translucent gate.
 47814 | Zot:1    | Found a runed translucent gate.
 47815 | Zot:1    | Found an ancient bone altar of Kikubaaqudgha.
 47815 | Zot:1    | Noticed an ancient lich
 47815 | Zot:1    | Noticed Gyroff's ghost (legendary DsFi)
 47815 | Zot:1    | Noticed an ancient lich
 47816 | Zot:1    | Noticed an ancient lich
 47816 | Zot:1    | Noticed an ancient lich
 47916 | Zot:1    | Noticed an orb of fire
 47924 | Zot:1    | Gained mutation: Your magical capacity is extremely low.
                  | (-30% MP) [an orb of fire]
 47937 | Zot:1    | Gained mutation: Your muscles are strong. (Str +2) [an orb
                  | of fire]
 47943 | Zot:1    | Gained mutation: Your spells are a little easier to cast,
                  | but a little less powerful. [an orb of fire]
 47953 | Zot:1    | Gained mutation: Your body sometimes deteriorates upon
                  | taking damage. [an orb of fire]
 47956 | Zot:1    | Lost mutation: You have supernaturally acute eyesight.
                  | (SInv) [an orb of fire]
 47970 | Zot:1    | Reached skill level 5 in Ice Magic
 47971 | Zot:1    | Killed an orb of fire
 48054 | Zot:1    | Reached skill level 5 in Spellcasting
 48995 | Zot:1    | Killed an ancient lich
 49001 | Zot:1    | Killed an ancient lich
 49009 | Zot:1    | Killed an ancient lich
 49203 | Zot:1    | Killed an ancient lich
 49394 | Zot:1    | Got a heavily runed ivory ring
 49400 | Zot:1    | Got a bloodstained cloak
 49418 | Zot:1    | Learned a level 8 spell: Borgnjor's Revivification
 49418 | Zot:1    | Identified the +5 cloak of Incorporation {rPois rC+ MR+
                  | Int-3} (You found it on level 1 of the Realm of Zot)
 49419 | Zot:1    | Identified the ring "Coh Wof" {+Fly MR++ rCorr Dex-2
                  | Stlth+} (You found it on level 1 of the Realm of Zot)
 49608 | Zot:2    | Reached skill level 1 in Necromancy
 50328 | Zot:2    | Reached skill level 5 in Necromancy
 50757 | Zot:3    | Found a glowing silver altar of Zin.
 51544 | Zot:4    | Reached skill level 10 in Necromancy
 52370 | Zot:5    | Entered Level 5 of the Realm of Zot
 52625 | Zot:5    | Noticed an ancient lich
 52627 | Zot:5    | Noticed an orb of fire
 52676 | Zot:5    | Noticed an orb of fire
 52676 | Zot:5    | Noticed an orb of fire
 52710 | Zot:4    | Gained mutation: Your spells are easier to cast, but less
                  | powerful. [an orb of fire]
 52711 | Zot:4    | Killed an orb of fire
 52740 | Zot:5    | Gained mutation: Your spells are much easier to cast, but
                  | much less powerful. [an orb of fire]
 52744 | Zot:4    | Gained mutation: You tend to lose your temper in combat.
                  | [an orb of fire]
 52756 | Zot:4    | Killed an orb of fire
 52883 | Zot:4    | Reached skill level 15 in Necromancy
 52931 | Zot:4    | Killed an ancient lich
 53122 | Zot:5    | Gained mutation: Scrolls take you a little longer to read.
                  | [an orb of fire]
 53131 | Zot:4    | Gained mutation: You are clumsy. (Dex -2) [an orb of fire]
 53133 | Zot:4    | Gained mutation: You occasionally shout uncontrollably at
                  | your foes. [an orb of fire]
 53149 | Zot:4    | Lost mutation: Scrolls take you a little longer to read.
                  | [an orb of fire]
 53151 | Zot:4    | Gained mutation: Scrolls take you a little longer to read.
                  | [an orb of fire]
 53155 | Zot:4    | Killed an orb of fire
 53257 | Zot:4    | Noticed a juggernaut
 53257 | Zot:4    | a Killer Klown changed into a juggernaut
 53258 | Zot:4    | Killed a juggernaut
 53322 | Zot:5    | Noticed an orb of fire
 53326 | Zot:5    | Noticed an orb of fire
 53337 | Zot:4    | Gained mutation: You often lose your temper in combat. [an
                  | orb of fire]
 53340 | Zot:4    | Killed an orb of fire
 53362 | Zot:5    | Gained mutation: Scrolls take you longer to read. [an orb
                  | of fire]
 53374 | Zot:4    | Lost mutation: Your muscles are strong. (Str +2) [an orb of
                  | fire]
 53376 | Zot:4    | Killed an orb of fire
 53398 | Zot:5    | Noticed an ancient lich
 53401 | Zot:5    | Noticed an ancient lich
 53411 | Zot:4    | Killed an ancient lich
 53508 | Zot:4    | Killed an ancient lich
 54067 | Depths:5 | Killed Gyroff's ghost
 54502 | Slime:1  | Entered Level 1 of the Pits of Slime
 54515 | Slime:1  | Gained mutation: You are weak. (Str -2) [a shining eye]
 54591 | Slime:2  | Gained mutation: Your body often deteriorates upon taking
                  | damage. [a shining eye]
 54611 | Slime:2  | Gained mutation: You are very clumsy. (Dex -4) [a shining
                  | eye]
 54737 | Slime:5  | Entered Level 5 of the Pits of Slime
 54809 | Slime:5  | Gained mutation: Potions are less effective at restoring
                  | your health. [a shining eye]
 54826 | Slime:5  | Gained mutation: Scrolls take you much longer to read. [a
                  | shining eye]
 54837 | Slime:5  | Gained mutation: You are occasionally teleported next to
                  | monsters. [a shining eye]
 54979 | Slime:5  | Found a viscous altar of Jiyva.
 54979 | Slime:5  | Noticed the Royal Jelly
 54980 | Slime:5  | Found the ring of Robustness {AC+8}
 55157 | Slime:5  | Gained mutation: You have an uncontrollable temper. [a
                  | shining eye]
 55426 | Slime:5  | Killed the Royal Jelly
 55524 | Slime:5  | Got a vibrating platinum amulet
 55526 | Slime:5  | Got a slimy rune of Zot
 55527 | Slime:5  | Identified the Catalogue of Frigorific Weightlessness
 55552 | Slime:5  | Identified the amulet "Wykaja" {Reflect rPois MR+ Int+8
                  | Dex-3 SH+5} (You found it on level 5 of the Pits of Slime)
 55580 | Slime:5  | Got heavily runed quicksilver dragon scales
 55584 | Slime:5  | Identified the quicksilver dragon scales of Zutaumirph
                  | {rC++ MR+} (You found it on level 5 of the Pits of Slime)
 55689 | Lair:6   | Lost mutation: Potions are less effective at restoring your
                  | health. [potion of mutation]
 55689 | Lair:6   | Lost mutation: You are dopey. (Int -2) [potion of mutation]
 55689 | Lair:6   | Lost mutation: You occasionally shout uncontrollably at
                  | your foes. [potion of mutation]
 55689 | Lair:6   | Lost mutation: You have an uncontrollable temper. [potion
                  | of mutation]
 55689 | Lair:6   | Gained mutation: You are partially covered in icy blue
                  | scales. (AC +2) [potion of mutation]
 55690 | Lair:6   | Lost mutation: You are very clumsy. (Dex -4) [potion of
                  | mutation]
 55690 | Lair:6   | Lost mutation: Scrolls take you much longer to read.
                  | [potion of mutation]
 55690 | Lair:6   | Gained mutation: You are mostly covered in icy blue scales.
                  | (AC +3) [potion of mutation]
 55698 | Lair:6   | Lost mutation: You are clumsy. (Dex -2) [potion of
                  | mutation]
 55698 | Lair:6   | Lost mutation: Your magical capacity is extremely low.
                  | (-30% MP) [potion of mutation]
 55698 | Lair:6   | Lost mutation: Scrolls take you longer to read. [potion of
                  | mutation]
 55698 | Lair:6   | Gained mutation: You are agile. (Dex +2) [potion of
                  | mutation]
 55699 | Lair:6   | Lost mutation: Your body often deteriorates upon taking
                  | damage. [potion of mutation]
 55699 | Lair:6   | Lost mutation: You are mostly covered in icy blue scales.
                  | (AC +3) [potion of mutation]
 55699 | Lair:6   | Lost mutation: Your body sometimes deteriorates upon taking
                  | damage. [potion of mutation]
 55699 | Lair:6   | Lost mutation: You are weak. (Str -2) [potion of mutation]
 55699 | Lair:6   | Gained mutation: You have sharp toenails. [potion of
                  | mutation]
 55699 | Lair:6   | Lost mutation: Your magical capacity is very low. (-20% MP)
                  | [potion of mutation]
 55699 | Lair:6   | Gained mutation: You are partially covered in thin metallic
                  | scales. (AC +2) [potion of mutation]
 55700 | Lair:6   | Lost mutation: You are partially covered in thin metallic
                  | scales. (AC +2) [potion of mutation]
 55700 | Lair:6   | Lost mutation: You often lose your temper in combat.
                  | [potion of mutation]
 55700 | Lair:6   | Lost mutation: You tend to lose your temper in combat.
                  | [potion of mutation]
 55700 | Lair:6   | Lost mutation: You are occasionally teleported next to
                  | monsters. [potion of mutation]
 55700 | Lair:6   | Gained mutation: You expend magic power (3 MP) to
                  | strengthen your wands. [potion of mutation]
 55700 | Lair:6   | Gained mutation: You are somewhat resistant to further
                  | mutation. [potion of mutation]
 55701 | Lair:6   | Lost mutation: You expend magic power (3 MP) to strengthen
                  | your wands. [potion of mutation]
 55701 | Lair:6   | Lost mutation: Scrolls take you a little longer to read.
                  | [potion of mutation]
 55701 | Lair:6   | Lost mutation: You are partially covered in icy blue
                  | scales. (AC +2) [potion of mutation]
 55701 | Lair:6   | Lost mutation: You are agile. (Dex +2) [potion of mutation]
 55701 | Lair:6   | Gained mutation: You are somewhat resistant to both further
                  | mutation and mutation removal. [potion of mutation]
 56492 | Hell     | Entered the Vestibule of Hell
 56492 | Hell     | Noticed Geryon
 56507 | Hell     | Killed Geryon
 56676 | Hell     | Learned a level 2 spell: Blink
 56688 | Hell     | Found a gateway to the Iron City of Dis.
 56798 | Hell     | Found a gateway to the freezing wastes of Cocytus.
 56853 | Hell     | Found a gateway to the ashen valley of Gehenna.
 57000 | Hell     | Found a gateway to the decaying netherworld of Tartarus.
 57592 | Vaults:5 | Learned a level 8 spell: Infestation
 57602 | Vaults:5 | Learned a level 9 spell: Death's Door
 57892 | Geh:1    | Entered Level 1 of Gehenna
 57919 | Geh:1    | You fall into a shaft and drop 1 floor!
 58061 | Geh:2    | Reached skill level 10 in Ice Magic
 58141 | Geh:4    | You fall into a shaft and drop 2 floors!
 58148 | Geh:7    | Entered Level 7 of Gehenna
 58627 | Geh:7    | Identified the +7 sceptre of Asmodeus
 58627 | Geh:7    | Noticed Asmodeus
 58652 | Geh:7    | Killed Asmodeus
 58663 | Geh:7    | Got an obsidian rune of Zot
 58729 | Geh:7    | HP: 3/243 [hellion/damnation (26)]
 59124 | Coc:1    | Entered Level 1 of Cocytus
 59487 | Coc:4    | You fall into a shaft and drop 2 floors!
 59730 | Coc:7    | Entered Level 7 of Cocytus
 60233 | Coc:7    | Noticed Antaeus
 60405 | Coc:7    | Reached skill level 10 in Spellcasting
 60420 | Coc:7    | Killed Antaeus
 60438 | Coc:7    | Got an icy rune of Zot
 60568 | Dis:1    | Entered Level 1 of the Iron City of Dis
 60956 | Dis:7    | Entered Level 7 of the Iron City of Dis
 61075 | Dis:7    | Gained mutation: Your body sometimes deteriorates upon
                  | taking damage. [a cacodemon]
 61559 | Dis:7    | Identified the +7 flail of the Fray {pain, rF++ MR+ Int+2
                  | Stlth+}
 61689 | Dis:7    | Killed from afar by a Hell Sentinel

Illustrated notes

Levels and vault maps discovered:
D:1:      nzn_arrival_depleted_hourglass, layout_basic, minmay_tromino_i4
D:2:      layout_basic
D:3:      minmay_angry_zag, layout_basic, marbit_many_paths,
          cheibriados_altar_1, minmay_crystal_room, uniq_robin
D:4:      layout_basic, bloody_trog, ebering_ghost_inner_flame
D:5:      layout_loops_ring, xom_teletrap_fun, lemuel_crystal_altar,
          nicolae_ru_the_path_less_chosen, kennysheep_boxes, uniq_menkaure
D:6:      layout_basic, serial_shops, shop, gup_sewer_entry_bubbles,
          uniq_duvessa, uniq_maggie
D:7:      layout_cave_pools, minmay_temple_entry_mini_moons, uniq_prince_ribbit1
D:8:      layout_rooms, kennysheep_mini_moat, special_room [special_room_orc],
          serial_shops, nicolae_shop_trees,
          minmay_guarded_unrand_staff_of_olgreb
D:9:      layout_roguey, erik_lair_orcish_takeover, serial_shops, shop
D:10:     layout_roguey, minmay_shop_grid_forest, columned_hall_lemuel,
          minmay_misc_feat_iff, dk_vineyard_3, minmay_misc_feat_roman
D:11:     minmay_sliced_demisemicircle, layout_cave_pools, david_orc_5,
          ebering_ghost_rock_garden, uniq_gastronok
D:12:     layout_irregular_city, biasface_ghost_orc_armoury, uniq_nergalle
D:13:     layout_rooms, uniq_jorgrun
D:14:     layout_cave_pods, david_vaults_3, wad_floor_pattern_2, serial_shops,
          shop, gauntlet_entry_generic, uniq_josephine
D:15:     grunt_enter_depths_giant_problem, layout_stronghold,
          chequers_serial_rivers_micro_a, hangedman_decor_riveting
Lair:1:   gammafunk_indiana_jones, layout_cave_pods,
          infiniplex_staircase_pool_2, uniq_harold
Lair:2:   layout_roguey, beast_lair_carwin_3, grunt_megastairs_3
Lair:3:   layout_big_grid, serial_bayou_pond_a, nicolae_lair_grove_arrangements,
          uniq_sonja
Lair:4:   minmay_lair_oklob_tunnel, layout_gridlike, swamp_mist_pool,
          minmay_snake_entry_guardpost_medium, lemuel_fruit_fields
Lair:5:   regret_index_wax_grids, layout_long_grid, basic_altar,
          hellmonk_ghost_happy_afterlife, serial_bayou_shore_a,
          grunt_megastairs_4
Lair:6:   gammafunk_lair_ancient_temple, layout_cave_pods, slime_altar_1,
          minivault_27, serial_bayou_pond_d
Swamp:1:  layout_falls_marsh, evilmike_swamp_ruin_house_2
Swamp:2:  layout_basic_swamp, evilmike_swamp_ruin_house_5, swamp_pool2,
          cheibrodos_swamp_pet_leeches, uniq_frances
Swamp:3:  layout_basic_swamp, hangedman_swamp_blocks, swamp_pool3,
          st_swamp_ruins_4
Swamp:4:  swamp, layout_basic_swamp, swamp_pool5, nicolae_swamp_trees_clearing,
          uniq_nikola, uniq_mara
Snake:1:  layout_chambers, serial_shops, nicolae_shop_behind_doors,
          abandoned_shop
Snake:2:  layout_chambers, gammafunk_ghost_cemetery, serial_bayou_pond_c,
          nrook_guardian_serpent_ordinary, minmay_shop_grove, uniq_kirke
Snake:3:  layout_chambers, uniq_vashnia, uniq_aizul
Snake:4:  snake_pit_salamanders_mu, layout_cave_town, hangedman_venom_bottle,
          minmay_shop_star, serial_bayou_shore_b
Slime:1:  layout_caves
Slime:2:  layout_caves, nicolae_slime_welcoming_committee
Slime:3:  layout_caves
Slime:4:  layout_caves
Slime:5
Orc:1:    layout_diamond_mine, basic_altar, enter_bailey_3
Orc:2:    st_orc_congregation, layout_diamond_mine, basic_altar
Elf:1:    layout_geoelf_octagon, minmay_elf_demonology, minmay_elf_annihilation
Elf:2:    layout_geoelf_octagon, serial_shops, shop
Elf:3:    minmay_elf_hall_circle, layout_geoelf_octagon, serial_glass,
          glass_columns_a, glass_columns_a, glass_columns_c, glass_columns_a,
          glass_columns_c, glass_columns_b, glass_columns_c, glass_columns_a,
          glass_columns_a, glass_columns_a, glass_columns_a, glass_columns_b,
          glass_columns_a, glass_columns_a, due_unseen_surprise,
          minmay_strange_pillars, minmay_strange_pillars, minivault_16
Vaults:1: gammafunk_vaults_ghost_fury_of_okawaru, v_misc_1, vaults_room_hallway,
          vaults_room_pools, ontoclasm_vaults_eye, hangedman_vaults_capsules,
          vaults_room_corners, st_more_cells, layout_vaults_omnicross
Vaults:2: ebering_vaults_ghost_inner_flame, vaults_mumra_chevron,
          hangedman_vaults_maws, minmay_crypt_entry_simple_box,
          nicolae_vaults_mini_display_case, vaults_dpeg_hooks,
          layout_vaults_quadrants, serial_shops, nicolae_shop_crystal
Vaults:3: advil_vaults_ghost_guards, nicolae_vaults_hallways_thing,
          ontoclasm_vaults_claustrophobia, v_misc_28, v_misc_27,
          ontoclasm_vaults_ligature, vaults_mumra_lcd, ontoclasm_vaults_chip,
          vaults_dpeg_encased_lava, v_misc_33, vaults_dpeg_doors, v_pattern_2,
          vaults_room_hangedman_quadrants, hangedman_vaults_cutoff,
          layout_vaults_maze_snakey, serial_shops, shop, uniq_mennas,
          uniq_margery
Vaults:4: ontoclasm_vaults_tryst, v_misc_29, v_misc_4, vaults_room_hallway,
          hangedman_vaults_slice, nicolae_vaults_network_periphery, v_misc_25,
          layout_vaults_big_room
Vaults:5: serial_shops, uniq_boris, uniq_bai_suzhen, uniq_xtahua, uniq_frederick
Depths:1: layout_roguey, hangedman_abyss_entry_splay, hangedman_coc_ice_floe,
          kennysheep_cross_bottleneck, drop_trap, dispersion_dpeg,
          minmay_shoptagon
Depths:2: minmay_inside_and_out, layout_basic, enter_ziggurat_c, serial_shops,
          bzr_entry_customers, nicolae_shop_statue_plus, kennysheep_mini, shop,
          nicolae_shop_stone, hell_entry, hangedman_decor_clover_reticule,
          minmay_staircase_windowed_small, uniq_asterion
Depths:3: nicolae_legendary_halls, layout_cave_shapes, pf_dread_powers_of_hell,
          serial_shops, bzr_entry_road, rand_demon_pan_entry_1,
          grunt_decor_arrowhead, hangedman_decor_peaks_small,
          chequers_serial_rivers_small_b, minmay_misc_feat_encased,
          moated_statue
Depths:4: minmay_the_grid_square_5x5_5x5 [minmay_the_grid_square_5x5_dogpile,
          minmay_the_grid_square_5x5_trominoes, minmay_the_grid_square_5x5_comb,
          minmay_the_grid_square_5x5_two,
          minmay_the_grid_square_5x5_fancy_junction,
          minmay_the_grid_square_5x5_sharp_hourglass,
          minmay_the_grid_square_5x5_prize_rear_guard,
          minmay_the_grid_square_5x5_bridge,
          minmay_the_grid_square_5x5_prize_itemx, minmay_the_grid_square_5x5_c,
          minmay_the_grid_square_5x5_eight, minmay_the_grid_square_5x5_forky,
          minmay_the_grid_square_5x5_prize_pseudospiral,
          minmay_the_grid_square_5x5_plus,
          minmay_the_grid_square_5x5_tetrominoes,
          minmay_the_grid_square_5x5_beaten_path,
          minmay_the_grid_square_5x5_prize_waves,
          minmay_the_grid_square_5x5_two_walls_b,
          minmay_the_grid_square_5x5_prize_snowflake,
          minmay_the_grid_square_5x5_bracketed,
          minmay_the_grid_square_5x5_tri_point,
          minmay_the_grid_square_5x5_inner_z,
          minmay_the_grid_square_5x5_checkered_statues,
          minmay_the_grid_square_5x5_empty,
          minmay_the_grid_square_5x5_six_small], layout_basic,
          nicolae_abyss_entry_one_way_or_another, hell_entry,
          hangedman_decor_points, special_room [special_room_jelly],
          minmay_pinched_square, serial_bayou_shore_b
Depths:5: grunt_zot_entry_hairpin, layout_cave_pools, grunt_decor_junction,
          grunt_mini_vestibule, uniq_sojobo
Hell
Dis:1:    layout_gridville, not_door_vault_due
Dis:2:    hangedman_iron_city_apartments, layout_jigsaw
Dis:3:    layout_regular_city
Dis:4:    layout_jigsaw
Dis:5:    layout_subdivisions
Dis:6:    layout_subdivisions
Dis:7:    iron_city_of_dis [dis_grunt, dis_wall_5], layout_chaotic_city
Geh:1:    layout_gehenna_pools_basic, grunt_megastairs_2
Geh:2:    layout_gehenna_pools_triple
Geh:3:    layout_gehenna_pools_basic, lemuel_old_faithful
Geh:4:    layout_gehenna_lava_caves, hangedman_elemental_grid_stream
Geh:6:    minmay_firetagon, layout_gehenna_pools_triple
Geh:7:    geh_hangedman
Coc:1:    layout_cocytus_water_paths
Coc:2:    layout_ice_bergs
Coc:3:    layout_cocytus_water_paths
Coc:4:    layout_ice_bergs
Coc:6:    layout_cocytus_water_paths
Coc:7:    coc_dpeg
Zot:1:    lemuel_firehouse, layout_concentric_octagons, gammafunk_ghost_crypt,
          amethyst_zot_foddershock
Zot:2:    kennysheep_blocky_room, layout_gridlike
Zot:3:    layout_onion_interference, basic_altar, lemuel_flame_loot_1
Zot:4:    lemuel_draconian_sentries, layout_basic, grunt_ministairs_9,
          skrybe_zot_glass_2
Zot:5:    layout_cathedral_of_symmetry

Skill      XL: |  1  2  3  4  5  6  7  8  9 10 11 12 13 14 15 16 17 18 19 20 21 22 23 24 25 26 27 |
---------------+----------------------------------------------------------------------------------+-----
Axes           | 4 5 6 7 9 10 11 14 16 18 | 18.3
Shields        | 1 3 5 7 12 14 | 14.5
Armour         | 5 7 9 10 13 16 17 18 20 | 20.3
Fighting       | 4 6 8 9 12 13 15 16 18 20 | 20.1
Invocations    | 5 7 8 9 10 14 16 | 16.1
Dodging        | 7 10 16 19 | 19.5
Earth Magic    | 6 15 16 22 25 | 25.0
Transmutations | 6 13 14 16 | 16.2
Ice Magic      | 4 13 | 13.6
Spellcasting   | 3 12 | 12.9
Necromancy     | 25 | 25.8
Stealth        | |  2.4

Action                   |  1- 3 |  4- 6 |  7- 9 | 10-12 | 13-15 | 16-18 | 19-21 | 22-24 | 25-27 || total
-------------------------+-------+-------+-------+-------+-------+-------+-------+-------+-------++-------
Melee: Hand axe          |   138 |   227 |       |       |       |       |       |       |       ||   365
       War axe           |       |    20 |   459 |   276 |    10 |   279 |       |     4 |       ||  1048
       Broad axe         |       |       |       |   445 |   547 |  1750 |  1647 |  1708 |  4445 || 10542
 Cast: Statue Form       |       |       |       |       |       |       |       |       |     1 ||     1
       Infestation       |       |       |       |       |       |       |       |       |    12 ||    12
       Borgnjor's Revivi |       |       |       |       |       |       |       |       |     1 ||     1
Invok: Lesser Servant of |       |       |       |     2 |       |     1 |       |       |       ||     3
       Greater Servant o |       |       |       |       |       |       |     1 |     3 |    20 ||    24
       Major Destruction |       |       |       |       |       |       |       |       |     1 ||     1
 Abil: Heal Wounds       |     1 |    10 |     7 |     7 |     1 |     7 |     4 |     1 |    39 ||    77
Evoke: Wand              |       |       |     3 |     1 |     3 |     4 |     3 |     1 |    18 ||    33
  Use: Scroll            |       |     4 |    15 |     8 |     9 |    20 |    13 |    17 |    23 ||   109
       Potion            |       |     1 |       |     1 |     1 |       |       |     1 |    49 ||    53
 Stab: Sleeping          |     3 |     3 |       |       |       |       |       |       |     1 ||     7
       Distracted        |     1 |       |       |     2 |       |     1 |     2 |     2 |    22 ||    30
       Paralysed         |       |       |       |       |     2 |       |       |       |       ||     2
       Petrified         |       |       |       |       |       |    16 |       |       |       ||    16
       Petrifying        |       |       |       |       |       |     3 |       |       |       ||     3
       Confused          |       |       |       |       |       |       |       |       |     2 ||     2
Armor: Robe              |    16 |       |       |       |       |       |       |       |       ||    16
       Ring mail         |    25 |    92 |    70 |       |       |       |       |       |       ||   187
       Skin              |       |    10 |    16 |       |       |       |       |       |       ||    26
       Chain mail        |       |       |   104 |   150 |       |       |       |       |       ||   254
       Crystal plate arm |       |       |       |   348 |    99 |  1918 |   570 |   600 |   711 ||  4246
       Plate armour      |       |       |       |       |   202 |       |       |       |       ||   202
       Fire dragon scale |       |       |       |       |       |       |       |       |   469 ||   469
       Quicksilver drago |       |       |       |       |       |       |       |       |   551 ||   551
Dodge: Dodged            |    90 |   124 |   143 |   178 |   184 |   753 |   440 |   673 |  2638 ||  5223
Block: Kite shield       |       |    79 |   220 |   423 |   340 |  1941 |    91 |       |       ||  3094
       Reflection        |       |       |       |       |       |    38 |   317 |   130 |   170 ||   655
       Tower shield      |       |       |       |       |       |       |  2334 |  2576 |  7026 || 11936

Table legend: (Time is in decaauts)
 A = Elapsed time spent in this place.
 B = Non-inter-level travel time spent in this place.
 C = Inter-level travel time spent in this place.
 D = Time resting spent in this place.
 E = Time spent auto-exploring this place.
 F = Levels seen in this place.
 G = Mean time per level.
                   A        B        C        D        E       F      G
               +--------+--------+--------+--------+--------+-----+--------+
         Total |  57277 |  51676 |   5601 |   3814 |  24943 |  81 |  707.1 |
       Dungeon |  13583 |  12148 |   1435 |   1465 |   6674 |  15 |  905.5 |
          Lair |   6072 |   5144 |    928 |    196 |   3366 |   6 | 1012.0 |
         Swamp |   2782 |   2634 |    148 |    162 |   1294 |   4 |  695.5 |
     Snake Pit |   4532 |   4170 |    362 |      0 |   2855 |   4 | 1133.0 |
    Slime Pits |   1095 |   1095 |      0 |    147 |      0 |   5 |  219.0 |
  Orcish Mines |   1370 |   1273 |     97 |    100 |    630 |   2 |  685.0 |
   Elven Halls |   2732 |   2650 |     82 |    299 |   1141 |   3 |  910.7 |
        Vaults |   6459 |   5490 |    969 |     53 |   3257 |   5 | 1291.8 |
        Depths |   7222 |   5999 |   1223 |    644 |   2992 |   5 | 1444.4 |
          Hell |    910 |    903 |      7 |    100 |    279 |   1 |  910.0 |
           Dis |   1001 |   1001 |      0 |      0 |      0 |   7 |  143.0 |
       Gehenna |    943 |    943 |      0 |      0 |      0 |   6 |  157.2 |
       Cocytus |   1274 |   1274 |      0 |      4 |     37 |   6 |  212.3 |
           Zot |   5574 |   5229 |    345 |    623 |   1942 |   5 | 1114.8 |
         Abyss |    936 |    936 |      0 |     17 |    343 |   3 |  312.0 |
        Bazaar |     34 |     34 |      0 |      0 |     22 |   1 |   34.0 |
         Sewer |    164 |    164 |      0 |      0 |      3 |   1 |  164.0 |
        Bailey |    286 |    286 |      0 |      0 |     98 |   1 |  286.0 |
      Gauntlet |    298 |    298 |      0 |      0 |      3 |   1 |  298.0 |
               +--------+--------+--------+--------+--------+-----+--------+

Top non-repeatable levels by time:
Depths:5: 1739 daAuts
     D:4: 1602 daAuts
   Zot:4: 1559 daAuts
Vaults:1: 1510 daAuts
Depths:2: 1508 daAuts
   Zot:1: 1504 daAuts
Depths:1: 1457 daAuts
    D:10: 1397 daAuts
   Elf:3: 1379 daAuts
Vaults:5: 1369 daAuts
  Lair:6: 1349 daAuts
Depths:4: 1349 daAuts
 Snake:4: 1324 daAuts
Vaults:2: 1262 daAuts
Vaults:3: 1214 daAuts
